 Dungeon Crawl Stone Soup version 0.25-a0-829-g4e6a552925 (webtiles) character file.

Game seed: 10950738456134169871, levelgen mode: deterministic

7 Maedhros the Charlatan (level 2, -2/18 HPs)
             Began as an Octopode Artificer on Apr 21, 2020.
             Slain by a goblin
             ... wielding a +0 club
              (5 damage)
             ... on level 1 of the Dungeon.
             The game lasted 00:00:09 (37 turns).

Maedhros the Charlatan (Octopode Artificer)           Turns: 37, Time: 00:00:09

Health: -2/18      AC:  1    Str: 11    XL:     2   Next: 0%
Magic:  4/4        EV: 13    Int: 13    God:
Gold:   0          SH:  0    Dex: 12    Spells: 1/1 levels left

rFire    . . .     SeeInvis .   a - +0 short sword
rCold    . . .     Gourm    .   (no shield)
rNeg     . . .     Faith    .   (helmet restricted)
rPois    .         Spirit   .   (no amulet)
rElec    .         Reflect  .   (no ring)
rCorr    .         Harm     .   (no ring)
MR       .....                  (no ring)
Stlth    +++.......             (no ring)
HPRegen  0.06/turn              (no ring)
MPRegen  0.09/turn              (no ring)
                                (no ring)
                                (no ring)

@: no status effects
A: almost no armour, stealthy swim, amphibious, 8 rings, constrict 8, camouflage
1, gelatinous body 1
a: no special abilities


You were on level 1 of the Dungeon.
You were not hungry.

You visited 1 branch of the dungeon, and saw 1 of its levels.

Inventory:

Hand Weapons
 a - a +0 short sword (weapon)
Wands
 b - a wand of flame (15)
 c - a wand of enslavement (15)
 d - a wand of random effects (15)
Comestibles
 f - a ration


   Skills:
 - Level 1.0 Fighting
 - Level 1.0 Short Blades
 - Level 2.0 Dodging
 + Level 1.8 Stealth
 * Level 1.0 Unarmed Combat
 + Level 3.4 Evocations


You had one spell level left.
You didn't know any spells.
Your spell library was empty.

Dungeon Overview and Level Annotations

Branches:
Dungeon (1/15)

Altars:


Innate Abilities, Weirdness & Mutations

You cannot wear most types of armour.
You are very stealthy in the water. (Stealth+)
You are amphibious.
You can wear up to eight rings at the same time.
You can use your tentacles to constrict eight enemies at once.
Your skin changes colour to match your surroundings (Stealth+).
Your rubbery body absorbs attacks. (AC +1, EV +1)


Message History

The kobold is heavily wounded.
You constrict the kobold. The kobold barely misses you.
You hit the kobold but do no damage.
The kobold is severely wounded.
You constrict the kobold.
You kill the kobold!
The bat hits you but does no damage. The bat closely misses you.
The goblin barely misses you.
You hit the goblin but do no damage. Your grab misses the goblin.
The bat hits you.
* * * LOW HITPOINT WARNING * * *
The goblin completely misses you.
You hit the hobgoblin.
You kill the hobgoblin!
Your Unarmed Combat skill increases to level 1!
You have reached level 2!
The goblin barely misses you.
You hit the goblin but do no damage. Your grab misses the goblin.
The goblin hits you with a +0 club.
You die...

## .. #.# #
#####.#######.#
#.........#......
.........)..>...#
.. #.#)#
####.##.#@#
........g.# #
###.##.######.#
#........#
####..##...
######..#
##.......#
#.......##
#..######


You could see a goblin.

Vanquished Creatures
  2 goblins (D:1)
  2 hobgoblins (D:1)
  A kobold (D:1)
5 creatures vanquished.

Notes
Turn   | Place    | Note
-------+----------+-------------------------------------------
     0 | D:1      | Maedhros the Octopode Artificer began the quest for the
                  | Orb.
     0 | D:1      | Reached XP level 1. HP: 13/13 MP: 3/3
    36 | D:1      | Reached skill level 1 in Unarmed Combat
    36 | D:1      | Reached XP level 2. HP: 3/18 MP: 4/4
    37 | D:1      | Slain by a goblin

Levels and vault maps discovered:
D:1:      minmay_arrival_wavy_path, layout_basic

Skill      XL: |  1 |
---------------+----+-----
Unarmed Combat | 1 |  1.0
Fighting       | |  1.0
Short Blades   | |  1.0
Dodging        | |  2.0
Stealth        | |  1.8
Evocations     | |  3.4

Action                   || total
-------------------------++-------
Melee: Short sword       ||    14
       Constrict         ||     3
       Tentacles         ||     1
 Stab: Sleeping          ||     1
Armor: Skin              ||     3
Dodge: Dodged            ||    14

Table legend:
 A = Non-vault XP
 B = Vault XP
 C = Vault XP percentage of total XP
 D = Non-vault monster count
 E = Vault monster count
 F = Vault count percentage of total count
                 A         B        C        D         E       F
            +---------+---------+-------+---------+---------+-------
      Total |      10 |       0 |   0.0 |       5 |       0 |   0.0
            +---------+---------+-------+---------+---------+-------
        D:1 |      10 |       0 |   0.0 |       5 |       0 |   0.0
            +---------+---------+-------+---------+---------+-------
